 Dungeon Crawl Stone Soup version 0.29.1-12-g30fa7ad0bf (webtiles) character file.

Game seed: 14369195494416131310

6012 sanboga the Basher (level 10, 0/83 HPs)
             Began as a Minotaur Monk on Dec 21, 2022.
             Was a Believer of Hepliaklqana.
             Slain by a gnoll
             ... wielding a +0 spear
             ... led by a gnoll sergeant
              (2 damage)
             ... on level 9 of the Dungeon.
             The game lasted 00:09:43 (8588 turns).

sanboga the Basher (Minotaur Monk)                  Turns: 8588, Time: 00:09:44

Health: 0/83       AC: 23    Str: 26    XL:     10   Next: 56%
Magic:  9/9        EV: 10    Int:  7    God:    Hepliaklqana [**....]
Gold:   394        SH:  0    Dex: 13    Spells: 9/9 levels left

rFire   . . .      SeeInvis .   y - +3 dire flail
rCold   . . .      Faith    .   (shield currently unavailable)
rNeg    . . .      Spirit   .   t - +0 crystal plate armour
rPois   +          Reflect  .   (helmet restricted)
rElec   .          Harm     .   w - +1 cloak {rPois}
rCorr   .          Rampage  .   g - +0 pair of gloves
Will    .....                   (no boots)
Stlth   ..........              (no amulet)
HPRegen 0.23/turn               c - +6 ring of strength
MPRegen 0.11/turn               i - +4 ring of evasion

@: lethally poisoned (0 -> -31)
A: reduced essence, horns 2, retaliatory headbutt
a: Renounce Religion, Recall Ancestor, Ancestor Identity


You were on level 9 of the Dungeon.
You worshipped Hepliaklqana.
Hepliaklqana was pleased with you.
You visited 2 branches of the dungeon, and saw 10 of its levels.

You collected 594 gold pieces.
You spent 200 gold pieces at shops.

Inventory:

Hand Weapons
 y - a +3 dire flail (weapon)
Armour
 g - a +0 pair of gloves (worn)
 t - a +0 crystal plate armour (worn)
 w - a +1 cloak of poison resistance (worn)
Jewellery
 c - a +6 ring of strength (left hand)
 i - a +4 ring of evasion (right hand)
 s - a ring of fire
Wands
 b - a wand of flame (35)
 x - a wand of iceblast (5)
Scrolls
 d - 7 scrolls of teleportation {unknown}
 f - a scroll of blinking {unknown}
 o - a scroll of amnesia {unknown}
 u - a scroll of brand weapon {unknown}
Potions
 a - 3 potions of flight
 e - 2 potions of invisibility {unknown}
 h - 5 potions of heal wounds
 j - 4 potions of curing
 k - 3 potions of haste
 l - 2 potions of mutation
 m - 2 potions of berserk rage
 n - 4 potions of might {unknown}
 q - 3 potions of resistance {unknown}


   Skills:
 + Level 10.3 Fighting
 * Level 13.8 Maces & Flails
 + Level 9.5 Armour
 - Level 3.2 Dodging
 - Level 1.5 Stealth


You had 9 spell levels left.
You didn't know any spells.
Your spell library contained the following spells:

 Spells                   Type           Power      Damage    Failure   Level
 Apportation              Tloc           0%         N/A       100%        1
 Necrotise                Necr           0%         1d4       100%        1
 Summon Small Mammal      Summ           0%         N/A       100%        1
 Ignite Poison            Fire/Tmut/Pois 0%         N/A       100%        3
 Mephitic Cloud           Conj/Pois/Air  0%         N/A       100%        3
 Freezing Cloud           Conj/Ice/Air   0%         6-21      100%        5


Dungeon Overview and Level Annotations

Branches:
Dungeon (9/15)             Temple (1/1) D:6
   Lair: D:8-11         Orc: D:9-12

Altars:
Elyvilon
Gozag
Hepliaklqana
Kikubaaqudgha
Makhleb
Nemelex Xobeh
Qazlal
Sif Muna
Trog
Uskayaw

Shops:
D:8 :==[!


Innate Abilities, Weirdness & Mutations

Your life essence is reduced to manifest your ancestor. (-10% HP)
You have a pair of horns on your head.
You reflexively headbutt those who attack you in melee.


Message History

The gnoll sergeant hits you but does no damage.
You are poisoned.
You strike the helpless boulder beetle from behind!
You impale the boulder beetle!!
You kill the boulder beetle!
You feel sick.
A death yak comes into view.
You feel sick.
The death yak bellows!
You hear a bellow!
The gnoll hits you but does no damage. x2
The gnoll sergeant hits you with a +5 trident of venom.
You are more poisoned.
The gnoll hits you but does no damage.
A death yak comes into view.
The death yak bellows!
You hit the gnoll sergeant. You headbutt the gnoll sergeant.
The gnoll sergeant is moderately wounded.
You feel sick.
You hear a bellow! x2
The gnoll hits you but does no damage. The gnoll closely misses you.
The gnoll sergeant hits you with a +5 trident of venom!
You are lethally poisoned!
A death yak comes into view.
The gnoll attacks as you move away! The gnoll hits you with a +0 halberd.
* * * LOW HITPOINT WARNING * * *
You feel extremely sick.
Ryan closely misses the gnoll.
Ryan gestures at the gnoll while chanting.
The gnoll resists with significant effort.
The gnoll hits you but does no damage.
The gnoll sergeant hits you but does no damage.
You are more poisoned.
The gnoll hits you from afar with a +0 halberd!
* * * LOW HITPOINT WARNING * * *
There is a stone staircase leading up, spattered with blood here.
* * * LOW HITPOINT WARNING * * *
You feel extremely sick.
Ryan hits the gnoll with a +0 dagger of draining.
The gnoll hits you with a +0 spear.
You die...

.. ..##..
... ..#...
...###
#.....
.....##.....
#........#
#...$...
#...).#
#...@.#
#.R.gg#
##ggg##
#.....
.....#Y.
..##... .Y.
... ..#.. .Y
#.#) .####.
. #.## ..


You could see the friendly Ryan the hexer, a gnoll sergeant and 4 gnolls.

Vanquished Creatures
  A boulder beetle (D:9)
  A two-headed ogre (D:5)
  The ghost of Rudyous the Trooper, a novice MiFi of Gozag (D:6)
  Grinder (D:4)
  Sigmund (D:5)
  3 yaks (D:8)
  A vampire (D:8)
  A water moccasin (D:7)
  An orc warrior (D:8)
  An ice beast (D:6)
  A black bear (D:6)
  2 ogres
  A centaur (D:5)
  A kobold brigand (D:6)
  3 necrophages
  2 scorpions
  10 wights
  6 killer bees (D:8)
  4 quasits (D:6)
  3 jellies
  Crazy Yiuf (D:7)
  A hound (D:4)
  3 orc priests
  6 iguanas
  8 orc wizards
  10 gnolls
  7 adders
  An ufetubus (D:6)
  A worm (D:5)
  5 dart slugs
  47 orcs
  8 endoplasms
  2 giant cockroaches (D:2)
  8 goblins
  10 hobgoblins
  9 kobolds
  4 quokkas
  10 ball pythons
  5 bats
  6 frilled lizards
  A rat (D:1)
198 creatures vanquished.

Vanquished Creatures (collateral kills)
  A yak (D:8)
  An orc warrior (D:8)
  A bullfrog (D:7)
  A necrophage (D:7)
  A gnoll sergeant (D:8)
  2 wights (D:8)
  An orc wizard (D:8)
  An orc (D:8)
9 creatures vanquished.

Grand Total: 207 creatures vanquished

Notes
Turn   | Place    | Note
-------+----------+-------------------------------------------
     0 | D:1      | sanboga the Minotaur Monk began the quest for the Orb.
     0 | D:1      | Reached XP level 1. HP: 19/19 MP: 0/0
   302 | D:1      | Reached skill level 4 in Maces & Flails
   305 | D:1      | Reached XP level 2. HP: 22/27 MP: 1/1
   370 | D:1      | Found a faded altar of an unknown god.
   467 | D:1      | Reached skill level 1 in Armour
  1027 | D:1      | Reached XP level 3. HP: 30/33 MP: 2/2
  1567 | D:2      | Reached XP level 4. HP: 39/41 MP: 3/3
  1719 | D:2      | Reached skill level 5 in Maces & Flails
  2229 | D:3      | Found a bloodstained altar of Trog.
  2700 | D:3      | Noticed a scorpion
  2709 | D:3      | Killed a scorpion
  2710 | D:3      | Reached XP level 5. HP: 20/47 MP: 4/4
  3235 | D:4      | Reached skill level 6 in Maces & Flails
  3243 | D:4      | Reached skill level 5 in Fighting
  3408 | D:4      | Reached XP level 6. HP: 56/56 MP: 5/5
  3420 | D:4      | Found a white marble altar of Elyvilon.
  3420 | D:4      | Found an opulent altar of Gozag.
  3421 | D:4      | Found a stormy altar of Qazlal.
  3760 | D:4      | Reached skill level 7 in Maces & Flails
  3842 | D:4      | Noticed Grinder
  3853 | D:4      | Killed Grinder
  3854 | D:4      | Reached XP level 7. HP: 32/63 MP: 6/6
  4253 | D:5      | Entered Level 5 of the Dungeon
  4259 | D:5      | Reached skill level 8 in Maces & Flails
  4680 | D:5      | Reached skill level 5 in Armour
  4859 | D:5      | Noticed a two-headed ogre
  4865 | D:5      | Killed a two-headed ogre
  4866 | D:5      | Reached skill level 9 in Maces & Flails
  4866 | D:5      | Reached XP level 8. HP: 58/73 MP: 7/7
  5071 | D:5      | Found an ancient bone altar of Kikubaaqudgha.
  5074 | D:5      | Noticed Sigmund
  5082 | D:5      | Killed Sigmund
  5083 | D:5      | Reached skill level 10 in Maces & Flails
  5353 | D:6      | Reached XP level 9. HP: 80/81 MP: 8/8
  5614 | D:6      | Found a transporter.
  5706 | D:6      | Found a transporter.
  5710 | D:6      | Noticed Rudyous's ghost (novice MiFi)
  5926 | D:6      | Found a staircase to the Ecumenical Temple.
  5982 | D:6      | Reached skill level 11 in Maces & Flails
  6071 | Temple   | Entered the Ecumenical Temple
  6075 | Temple   | Became a worshipper of Hepliaklqana the Forgotten
  6075 | Temple   | Reached * piety under Hepliaklqana
  6075 | Temple   | Reached ** piety under Hepliaklqana
  6076 | Temple   | Remembered your ancestor Ryan as a hexer
  6198 | D:6      | Killed Rudyous's ghost
  6422 | D:7      | Reached skill level 12 in Maces & Flails
  6706 | D:7      | Found a runed translucent door.
  6707 | D:7      | Noticed Crazy Yiuf
  7076 | D:7      | Found a hide-covered altar of Uskayaw.
  7207 | D:7      | Killed Crazy Yiuf
  7284 | D:8      | Found Xihanane's Antique Armour Boutique.
  7336 | D:8      | Found Ynacson's Jewellery Boutique.
  7414 | D:8      | Reached XP level 10. HP: 26/81 MP: 9/9
  7707 | D:8      | Found Juwiss's Book Boutique.
  7798 | D:8      | Found Seliarro's Jewellery Boutique.
  7930 | D:8      | Reached skill level 13 in Maces & Flails
  8157 | D:8      | Found Otuogij's Distillery.
  8160 | D:8      | Bought a potion of heal wounds for 50 gold pieces
  8160 | D:8      | Bought a potion of haste for 100 gold pieces
  8160 | D:8      | Bought a potion of berserk rage for 50 gold pieces
  8278 | D:8      | Reached skill level 10 in Fighting
  8569 | D:9      | Noticed a boulder beetle
  8584 | D:9      | Killed a boulder beetle
  8585 | D:9      | Noticed a death yak
  8585 | D:9      | Noticed a death yak
  8586 | D:9      | Noticed a death yak
  8588 | D:9      | HP: 2/83 [poisoned by a gnoll sergeant]
  8588 | D:9      | Slain by a gnoll

Illustrated notes

Levels and vault maps discovered:
D:1:      lordsloth_arrival_two_stooges, layout_basic,
          ebering_ecumenical_altar_hall, serial_forest,
          infiniplex_forest_straight_5, infiniplex_forest_clump_small,
          infiniplex_forest_corner_1, infiniplex_forest_zigzag_1,
          infiniplex_forest_clump_large, infiniplex_forest_lined_1,
          infiniplex_forest_straight_2, infiniplex_forest_lined_4_way
D:2:      layout_basic
D:3:      layout_basic, amcnicky_altar_gilded, st_stairs_5
D:4:      layout_cave_pools, chequers_temple_overflow_statue_of_worship,
          uniq_grinder
D:5:      layout_gridville, mainiacjoe_overflow_small_starburst, uniq_sigmund
D:6:      layout_basic, minmay_temple_entry_grid, gammafunk_ghost_stat_death
D:7:      layout_loops_ring, nicolae_uskayaw_murder_on_the_dancefloor,
          uniq_crazy_yiuf_cottage
D:8:      layout_cave_pods, serial_shops, nicolae_shop_behind_doors,
          nicolae_diamond_shop, shop, nicolae_shop_crystal,
          nicolae_stop_n_shop_2
D:9:      layout_cave_pools, dpeg_lair_monsters
Temple:   kb_temple_of_zot

Skill      XL: |  1  2  3  4  5  6  7  8  9 10 |
---------------+-------------------------------+-----
Maces & Flails | 4 5 6 7 9 10 12 13 | 13.8
Armour         | 1 2 3 4 6 8 9 |  9.5
Fighting       | 4 5 6 7 8 9 10 | 10.3
Dodging        | |  3.2
Stealth        | |  1.5

Action                   |  1- 3 |  4- 6 |  7- 9 | 10-12 || total
-------------------------+-------+-------+-------+-------++-------
Melee: Mace              |    37 |       |       |       ||    37
       Headbutt          |    11 |    18 |    42 |    19 ||    90
       Flail             |    34 |   118 |   231 |    51 ||   434
       Punch             |       |       |     1 |       ||     1
       Dire flail        |       |       |       |    27 ||    27
Invok: Ancestor Life: He |       |       |     1 |       ||     1
       Ancestor Identity |       |       |     1 |       ||     1
  Use: Scroll            |       |     6 |     4 |     2 ||    12
       Potion            |       |     1 |     1 |       ||     2
 Stab: Sleeping          |     2 |     1 |     1 |       ||     4
       Confused          |       |       |     2 |     2 ||     4
       Distracted        |       |       |     2 |     1 ||     3
Armor: Robe              |    13 |    19 |     3 |       ||    35
       Chain mail        |       |       |     5 |       ||     5
       Plate armour      |       |       |    34 |       ||    34
       Crystal plate arm |       |       |   121 |    36 ||   157
Dodge: Dodged            |    47 |    94 |   111 |    28 ||   280
